General information
- name: BNet
- type: Ladder team game (AT/RT)
- host: Battle.net
- saver: HumanKingTomVIP
map: DragonFalls
- players: 8
- length: 06:19
- speed: Fast
- version: 1.26 W3XP
- replay type: Public
» download(44 KB)
Players
team 1 (winner)

»
iorfeo (
yellow | 40 APM | 254 actions | 06:17)
1 Blademaster
1 Wind Walk
» actions
| Build / train | 19 | |
| Enter build submenu | 9 | |
| Enter hero's abilities submenu | 1 | |
| Right click | 91 | |
| Select / deselect | 119 | |
| Use ability | 15 | |
254 total
» units
» upgrades
» buildings
| Orc Burrow | 4 | |
| Altar of Storms | 1 | |
| War Mill | 1 | |
| Barracks | 2 | |
| Voodoo Lounge | 1 | |
| Stronghold | 1 | |
10 total
» build order
00:21 Orc Burrow
00:25 Altar of Storms
01:13 War Mill
01:19 Barracks
01:24 Barracks
01:55 Orc Burrow
02:49 Orc Burrow
03:24 Voodoo Lounge
04:17 Stronghold
05:16 Orc Burrow
» items
| Scroll of Speed | 1 | |
| Healing Salve | 1 | |
| Lesser Clarity Potion | 1 | |
3 total
HumanKingTomVIP (
blue | 73 APM | 463 actions | 06:19)
1 Archmage
1 Blizzard
» actions
| Assign group hotkey | 31 | |
| Basic commands | 2 | |
| Build / train | 30 | |
| Enter build submenu | 20 | |
| Enter hero's abilities submenu | 1 | |
| Right click | 180 | |
| Select / deselect | 88 | |
| Select group hotkey | 85 | |
| Use ability | 26 | |
463 total
» units
» buildings
| Lumber Mill | 1 | |
| Scout Tower | 12 | |
| Guard Tower | 10 | |
| Arcane Tower | 2 | |
| Farm | 2 | |
| Altar of Kings | 1 | |
| Arcane Vault | 1 | |
29 total
» build order
00:07 Lumber Mill
00:52 Scout Tower
00:58 Scout Tower
01:05 Guard Tower
01:06 Guard Tower
01:12 Scout Tower
01:18 Guard Tower
01:19 Guard Tower
01:42 Guard Tower
01:50 Scout Tower
02:01 Scout Tower
02:12 Scout Tower
02:24 Scout Tower
02:27 Arcane Tower
02:41 Farm
03:06 Guard Tower
03:06 Guard Tower
03:09 Scout Tower
03:18 Altar of Kings
03:31 Scout Tower
03:34 Arcane Tower
03:47 Guard Tower
04:43 Farm
05:01 Scout Tower
05:26 Guard Tower
05:34 Scout Tower
05:35 Scout Tower
05:51 Arcane Vault
bigguy31 (
green | 34 APM | 212 actions | 06:17)
2 Blademaster
1 Wind Walk
1 Critical Strike
» actions
| Assign group hotkey | 2 | |
| Build / train | 16 | |
| Enter build submenu | 7 | |
| Enter hero's abilities submenu | 2 | |
| Right click | 108 | |
| Select / deselect | 37 | |
| Select group hotkey | 26 | |
| Use ability | 14 | |
212 total
» units
» buildings
| Orc Burrow | 3 | |
| Altar of Storms | 1 | |
| Voodoo Lounge | 1 | |
| Stronghold | 1 | |
| Fortress | 1 | |
7 total
» build order
00:05 Orc Burrow
00:07 Altar of Storms
00:51 Voodoo Lounge
03:21 Stronghold
04:23 Orc Burrow
05:32 Orc Burrow
06:10 Fortress
» items
| Healing Salve | 1 | |
| Lesser Clarity Potion | 1 | |
| Scroll of Speed | 1 | |
3 total

»
vpn (
pink | 76 APM | 477 actions | 06:17)
1 Paladin
1 Holy Light
» actions
| Assign group hotkey | 5 | |
| Build / train | 20 | |
| Enter build submenu | 11 | |
| Enter hero's abilities submenu | 1 | |
| Remove unit from queue | 1 | |
| Right click | 208 | |
| Select / deselect | 125 | |
| Select group hotkey | 91 | |
| Use ability | 15 | |
477 total
» units
» upgrades
» buildings
| Farm | 4 | |
| Barracks | 1 | |
| Altar of Kings | 1 | |
| Keep | 1 | |
| Lumber Mill | 1 | |
| Arcane Vault | 1 | |
9 total
» build order
00:11 Farm
00:15 Barracks
00:51 Altar of Kings
00:54 Farm
01:44 Farm
03:50 Keep
03:53 Lumber Mill
05:15 Arcane Vault
06:00 Farm
team 2 (loser)
PoisonousIce (
purple | 38 APM | 234 actions | 06:05)
1 Dark Ranger
1 Black Arrow
» actions
| Assign group hotkey | 9 | |
| Basic commands | 31 | |
| Build / train | 23 | |
| Enter build submenu | 8 | |
| Enter hero's abilities submenu | 1 | |
| Right click | 32 | |
| Select / deselect | 69 | |
| Select group hotkey | 49 | |
| Use ability | 12 | |
234 total
» units
» buildings
| Moon Well | 5 | |
| Ancient of War | 1 | |
| Altar of Elders | 1 | |
| Ancient of Wonders | 1 | |
| Tree of Ages | 1 | |
9 total
» build order
00:32 Moon Well
00:44 Ancient of War
01:00 Altar of Elders
01:11 Moon Well
01:55 Ancient of Wonders
02:10 Moon Well
04:42 Moon Well
04:44 Moon Well
04:59 Tree of Ages
» items
Hmongvaj (
red | 55 APM | 340 actions | 06:13)
2 Death Knight
1 Death Coil
1 Unholy Aura
1 Lich
1 Frost Nova
» actions
| Basic commands | 11 | |
| Build / train | 22 | |
| Enter build submenu | 6 | |
| Enter hero's abilities submenu | 4 | |
| Right click | 166 | |
| Select / deselect | 113 | |
| Use ability | 18 | |
340 total
» units
| Acolyte | 4 | |
| Ghoul | 5 | |
| Crypt Fiend | 4 | |
13 total
» upgrades
» buildings
| Graveyard | 1 | |
| Crypt | 1 | |
| Ziggurat | 2 | |
| Altar of Darkness | 1 | |
| Tomb of Relics | 1 | |
| Halls of the Dead | 1 | |
| Nerubian Tower | 1 | |
8 total
» build order
00:20 Graveyard
00:23 Crypt
00:37 Ziggurat
00:57 Altar of Darkness
01:17 Tomb of Relics
02:35 Halls of the Dead
03:11 Ziggurat
03:37 Nerubian Tower
» items
BurnTheEvidence (
orange | 74 APM | 454 actions | 06:09)
1 Tauren Chieftain
1 Shockwave
» actions
| Assign group hotkey | 3 | |
| Basic commands | 13 | |
| Build / train | 23 | |
| Enter build submenu | 8 | |
| Enter hero's abilities submenu | 1 | |
| Remove unit from queue | 1 | |
| Right click | 198 | |
| Select / deselect | 62 | |
| Select group hotkey | 127 | |
| Use ability | 18 | |
454 total
» units
| Peon | 9 | |
| Troll Headhunter/Berserker | 5 | |
14 total
» buildings
| Orc Burrow | 4 | |
| Altar of Storms | 1 | |
| War Mill | 1 | |
| Barracks | 1 | |
| Stronghold | 1 | |
| Watch Tower | 1 | |
9 total
» build order
00:34 Orc Burrow
00:35 Altar of Storms
00:38 Orc Burrow
01:27 War Mill
01:32 Barracks
01:52 Orc Burrow
04:04 Stronghold
04:26 Watch Tower
05:12 Orc Burrow
» items
sammiches (
teal | 57 APM | 357 actions | 06:16)
1 Shadow Hunter
1 Serpent Ward
» actions
| Build / train | 10 | |
| Enter build submenu | 7 | |
| Enter hero's abilities submenu | 1 | |
| Remove unit from queue | 1 | |
| Right click | 200 | |
| Select / deselect | 123 | |
| Use ability | 15 | |
357 total
» units
» buildings
| Altar of Storms | 2 | |
| Barracks | 1 | |
| Orc Burrow | 1 | |
4 total
» build order
00:06 Altar of Storms
00:09 Barracks
00:11 Orc Burrow
05:23 Altar of Storms
Chat log
(00:12 / Allies) HumanKingTomVIP: tower rushing
(00:18 / Allies) vpn: dont noob
(00:19 / Allies) vpn: that is stupid
(00:21 / Allies) bigguy31: gl
(00:24 / Allies) vpn: u r
(00:24 / Allies) HumanKingTomVIP: /stats vpn
(00:27 / Allies) vpn: stupid
(00:30 / Allies) vpn: u r
(00:31 / Allies) vpn: stpuid
(00:39 / Allies) vpn: ia rushing
(00:43 / Allies) bigguy31: let him
(00:45 / Allies) bigguy31: stfu
(00:47 / Allies) vpn: stupid noob sucks
(00:54 / Allies) bigguy31: not if it works
(00:56 / Allies) bigguy31: so quiet
(01:02 / Allies) bigguy31: send heros
(01:02 / Allies) HumanKingTomVIP: /stats vpn
(01:05 / Allies) vpn: he is going to quit
(01:08 / Allies) vpn: i know it
(01:08 / Allies) HumanKingTomVIP: nmeed res
(01:12 / Allies) vpn: failed
(01:24 / Allies) HumanKingTomVIP: give me wood you bums
(01:26 / Allies) HumanKingTomVIP: or it will fail
(01:29 / Allies) HumanKingTomVIP: i know vpn wants it to
(01:30 / Allies) vpn: just quit
(01:31 / Allies) HumanKingTomVIP: but the rest of u mightnot
(01:47 / Allies) HumanKingTomVIP: gold
(02:06 / Allies) bigguy31: gj
(02:14 / Allies) bigguy31: omw
(02:46 / Allies) HumanKingTomVIP: come
(02:50 / Allies) HumanKingTomVIP: wood pls
(02:59 / Allies) bigguy31: cant get in
(03:28 / Allies) bigguy31: move in
(04:10 / Allies) HumanKingTomVIP: wood
(04:11 / Allies) bigguy31: healin
(04:51 / Allies) HumanKingTomVIP: finish his burrow
(04:55 / Allies) bigguy31: k
(05:14 / All) bigguy31: leave
(05:17 / All) HumanKingTomVIP: good play
(05:19 / Allies) HumanKingTomVIP: vpn shitnoob
(05:21 / Allies) HumanKingTomVIP: crybaby noob
(05:22 / Allies) HumanKingTomVIP: l2p
(06:03 / All) PoisonousIce: gg
(06:07 / Allies) HumanKingTomVIP: vpn NOOB
(06:10 / Allies) HumanKingTomVIP: HUGE NOOB VPN
(06:12 / Allies) HumanKingTomVIP: BIG NOOB VPN
(06:14 / Allies) HumanKingTomVIP: CRYBABY NOOB